 Dungeon Crawl Stone Soup version 0.29.1-12-g30fa7ad0bf (webtiles) character file.

Game seed: 14247933339645790898

49014 mampy3000 the Bludgeoner (level 14, -4/130 HPs)
             Began as a Minotaur Berserker on Dec 29, 2022.
             Was a High Priest of Trog.
             Splashed with acid (13 damage)
             ... on level 4 of the Lair of Beasts.
             The game lasted 01:00:49 (16545 turns).

mampy3000 the Bludgeoner (Minotaur Berserker)      Turns: 16545, Time: 01:00:49

Health: -4/130     AC: 24    Str: 32    XL:     14   Next: 14%
Magic:  13/13      EV:  8    Int:  4    God:    Trog [*****.]
Gold:   533        SH: 23    Dex: 11    Spells: 13/13 levels left

rFire   + . .      SeeInvis .   V - +5 demon whip (vorpal)
rCold   . . .      Faith    .   D - +0 tower shield
rNeg    . . .      Spirit   .   M - +2 plate armour
rPois   +          Reflect  +   (helmet restricted)
rElec   .          Harm     .   O - scarf {repulsion}
rCorr   .          Rampage  .   g - +0 pair of gloves
Will    +++..                   l - +0 pair of boots
Stlth   ..........              N - amulet of reflection
HPRegen 1.31/turn               u - ring "Piexi" {rPois rF+ Str+6}
MPRegen 0.13/turn               z - +4 ring of protection

@: strong-willed, regenerating, studying Staves, repel missiles
A: horns 2, retaliatory headbutt
a: Renounce Religion, Berserk, Trog's Hand, Brothers in Arms


You were on level 4 of the Lair of Beasts.
You worshipped Trog.
Trog was extremely pleased with you.
You visited 3 branches of the dungeon, and saw 17 of its levels.

You collected 1037 gold pieces.
You spent 504 gold pieces at shops.

Inventory:

Hand Weapons
 H - the +3 flail "Yxemad" {flame, *Noise rN++ Int+3}
   (You found it on level 7 of the Dungeon)

   It burns those it strikes, dealing additional fire damage.
   Int:       It affects your intelligence (+3).
   rN:        It greatly protects you from negative energy.
   *Noise:    It may make noises in combat.
 V - a +5 vorpal demon whip (weapon)
Missiles
 x - 72 poisoned darts (quivered)
 Q - 3 boomerangs
 U - a throwing net
Armour
 g - a +0 pair of gloves (worn)
 l - a +0 pair of boots (worn)
 D - a +0 tower shield (worn)
 M - a +2 plate armour (worn)
 O - a scarf of repulsion (worn)
Jewellery
 u - the ring "Piexi" (left hand) {rPois rF+ Str+6}
   (You found it on level 3 of the Dungeon)

   [ring of strength]

   Str:       It affects your strength (+6).
   rF:        It protects you from fire.
   rPois:     It protects you from poison.
 z - a +4 ring of protection (right hand)
 I - a ring of fire
 N - an amulet of reflection (around neck)
 S - an amulet of guardian spirit
 Z - an amulet of faith
Wands
 c - a wand of flame (55)
 j - a wand of acid (4)
 B - a wand of charming (13)
 K - a wand of digging (17)
 X - a wand of polymorph (2)
Scrolls
 b - 2 scrolls of acquirement {unknown}
 d - 2 scrolls of blinking {unknown}
 k - 5 scrolls of fear
 m - 4 scrolls of immolation
 n - 4 scrolls of poison {unknown}
 t - 11 scrolls of identify
 y - 4 scrolls of enchant weapon {unknown}
 A - 2 scrolls of summoning {unknown}
 C - 2 scrolls of magic mapping {unknown}
 E - 3 scrolls of butterflies {unknown}
 F - 2 scrolls of amnesia {unknown}
 J - 2 scrolls of torment {unknown}
 L - 2 scrolls of noise {unknown}
 P - 3 scrolls of teleportation {unknown}
Potions
 a - 2 potions of invisibility
 e - 2 potions of cancellation {unknown}
 f - 2 potions of ambrosia {unknown}
 h - 5 potions of flight
 i - 3 potions of attraction {unknown}
 o - 10 potions of curing
 p - 4 potions of brilliance
 q - 4 potions of lignification {unknown}
 r - 4 potions of might {unknown}
 s - 3 potions of haste {unknown}
 v - 5 potions of heal wounds
 w - a potion of mutation {unknown}
 G - 3 potions of magic {unknown}
 T - a potion of degeneration {unknown}
 W - 4 potions of resistance


   Skills:
 + Level 13.7 Fighting
 + Level 16.3 Maces & Flails
 + Level 12.8 Armour
 + Level 6.0 Dodging
 + Level 2.6 Stealth
 + Level 15.7 Shields


You had 13 spell levels left.
You didn't know any spells.
Your spell library was empty.

Dungeon Overview and Level Annotations

Branches:
Dungeon (11/15)            Temple (0/1) D:6            Lair (5/5) D:11
 Shoals (0/4) Lair:3       Spider (0/4) Lair:2        Slime (1/5) Lair:4
    Orc: D:9-12

Altars:
Ashenzari
Cheibriados
Hepliaklqana
Kikubaaqudgha
Nemelex Xobeh
Okawaru
Ru
Sif Muna
Uskayaw
Vehumet
Wu Jian
Xom
Yredelemnul
Jiyva

Shops:
D:3 (   D:8 *

Annotations:
Lair:2 3 runed translucent doors, soggyman666's ghost, journeyman MiFi


Innate Abilities, Weirdness & Mutations

You have a pair of horns on your head.
You reflexively headbutt those who attack you in melee.


Message History

The slime creature hits you but does no damage.
A very large slime creature splits.
There is a staircase back to the Lair here.
You can't go down here!
You block the slime creature's attack. x2; The rockslime hits you!!
You hold your ground!
Two slime creatures merge to form a very large slime creature.
You climb upwards.
Welcome back to the Lair of Beasts!
There is a staircase to the Slime Pits here.
You are too injured to fight recklessly!
You are too injured to fight recklessly!
You are too injured to fight recklessly!
You are too injured to fight recklessly!
You are too injured to fight recklessly!
You are too injured to fight recklessly!
You are too injured to fight recklessly!
You are too injured to fight recklessly!
You are too injured to fight recklessly!
You are too injured to fight recklessly!
You are too injured to fight recklessly!
You are too injured to fight recklessly!
You are too injured to fight recklessly!
Your skin crawls.
You feel strong-willed.
You block the slime creature's attack. x2
The slime creature attacks as you move away!
You block the slime creature's attack.
You are splashed with acid!!
* * * LOW HITPOINT WARNING * * *
The slime creature closely misses you.
You thrash the slime creature!! You headbutt the slime creature!
The slime creature is severely wounded.
You are splashed with acid!
* * * LOW HITPOINT WARNING * * *
The slime creature hits you.
* * * LOW HITPOINT WARNING * * *
You block the slime creature's attack.
You thrash the slime creature!!
The slime creature is almost dead.
You are splashed with acid!
You die...

##........##..#......#......##...
..+<......P#...#............##...
##........##................##P..
###...รท...#...##.....P#.....#P...
# #.......##..#......##.....##...
###........##........###...###...
..........#...######.#P#..###....
.............########............
.............##J@.# #............
.............##.J.# #............
.............##.._# #.#..#..##...
.#.........#.####.###.####.#.....
..###.....##..###'##..###....#...
.## #......#..........#......+...
..###......#....P.....#.....##...
...##.....#....#.....###...##....
...#......##...##....# #...P##...


You could see 2 slime creatures.

Vanquished Creatures
  5 hydras
  A boulder beetle (Lair:4)
  3 two-headed ogres
  A catoblepas (Lair:2)
  Amaemon (D:9)
  11 elephants
  A black mamba (Lair:2)
  A merfolk siren (Lair:3)
  An orange demon (D:9)
  2 torpor snails
  19 cane toads
  3 rime drakes (Lair:2)
  13 komodo dragons
  Maggie (D:10)
  2 merfolk
  A meliai (Lair:2)
  4 trolls
  A polar bear (Lair:4)
  4 tyrant leeches (Lair:5)
  25 blink frogs
  2 hornets (D:9)
  7 dream sheep
  Sigmund (D:2)
  A vampire (D:5)
  4 wyverns
  A wraith (D:9)
  55 yaks
  5 vampire mosquitoes (Lair:5)
  3 wargs (D:11)
  15 water moccasins
  An orc warrior (D:6)
  An ice beast (D:6)
  4 black bears
  2 sky beasts
  2 ogres (D:4)
  23 wolves
  3 centaurs
  3 phantoms
  7 kobold brigands
  14 bullfrogs
  4 scorpions
  2 necrophages
  2 gnoll sergeants
  20 killer bees
  A howler monkey (D:6)
  2 electric eels
  3 jellies
  3 hounds
  8 orc priests
  2 gnoll boudas
  4 iguanas
  Jessica (D:2)
  Natasha (thrice) (D:2)
  Terence (D:3)
  11 orc wizards
  8 adders
  10 gnolls
  A shadow imp (D:6)
  2 white imps
  An ufetubus (D:6)
  2 dart slugs
  31 orcs
  5 ball pythons
  2 bat zombies (D:9)
  4 endoplasms
  4 giant cockroaches
  5 goblins
  5 hobgoblins
  5 jackals
  2 quokkas
  6 bats
  3 frilled lizards
  48 kobolds
  2 rats (D:1)
  A rat zombie (D:9)
  A spectral goblin (D:3)
  A spectral orc (D:10)
470 creatures vanquished.

Vanquished Creatures (others)
  2 kobolds
  22 fungi
  190 plants
214 creatures vanquished.

Grand Total: 684 creatures vanquished

Notes
Turn   | Place    | Note
-------+----------+-------------------------------------------
     0 | D:1      | mampy3000 the Minotaur Berserker began the quest for the
                  | Orb.
     0 | D:1      | Reached XP level 1. HP: 19/19 MP: 0/0
   524 | D:1      | Reached skill level 4 in Maces & Flails
   524 | D:1      | Reached XP level 2. HP: 26/27 MP: 1/1
  1201 | D:2      | Noticed Sigmund
  1208 | D:2      | Killed Sigmund
  1209 | D:2      | Reached skill level 5 in Maces & Flails
  1209 | D:2      | Reached XP level 3. HP: 25/34 MP: 2/2
  1209 | D:2      | Reached XP level 4. HP: 30/41 MP: 3/3
  1209 | D:2      | Reached XP level 5. HP: 34/47 MP: 4/4
  1511 | D:2      | Noticed Natasha
  1531 | D:2      | Killed Natasha
  1866 | D:2      | Noticed Natasha
  1871 | D:2      | Killed Natasha
  1914 | D:2      | Noticed Natasha
  1919 | D:2      | Killed Natasha
  1920 | D:2      | Reached skill level 6 in Maces & Flails
  1934 | D:2      | Noticed Jessica
  1941 | D:2      | Killed Jessica
  1942 | D:2      | Reached skill level 5 in Fighting
  1942 | D:2      | Reached XP level 6. HP: 43/56 MP: 5/5
  2154 | D:3      | Found Voeti's Antique Weapon Shop.
  2171 | D:3      | Reached ** piety under Trog
  2226 | D:3      | Found a faded altar of an unknown god.
  2259 | D:3      | Identified the ring "Piexi" {rPois rF+ Str+6}
  2308 | D:3      | Found a broken altar of Ashenzari.
  2322 | D:3      | Noticed Terence
  2330 | D:3      | Killed Terence
  2711 | D:3      | Found an ornate altar of the Wu Jian Council.
  2941 | D:4      | Identified the +4 hand axe of Dried Tears {venom, rN++
                  | rCorr Dex-2}
  2962 | D:4      | Reached skill level 7 in Maces & Flails
  2962 | D:4      | Reached XP level 7. HP: 61/61 MP: 6/6
  3072 | D:4      | Reached skill level 1 in Stealth
  3340 | D:4      | Reached *** piety under Trog
  3341 | D:4      | Reached skill level 5 in Armour
  3488 | D:4      | Found a sparkling altar of Nemelex Xobeh.
  3580 | D:4      | Reached skill level 8 in Maces & Flails
  3826 | D:5      | Entered Level 5 of the Dungeon
  3945 | D:5      | Found an iron altar of Okawaru.
  3991 | D:5      | Noticed a two-headed ogre
  4000 | D:5      | Noticed a vampire
  4004 | D:5      | Killed a two-headed ogre
  4005 | D:5      | Reached skill level 9 in Maces & Flails
  4005 | D:5      | Reached XP level 8. HP: 13/71 MP: 7/7
  4012 | D:5      | Reached skill level 10 in Maces & Flails
  4504 | D:5      | Found a hide-covered altar of Uskayaw.
  4656 | D:5      | Found a sacrificial altar of Ru.
  4934 | D:6      | Reached XP level 9. HP: 79/79 MP: 8/8
  5119 | D:6      | Reached skill level 11 in Maces & Flails
  5392 | D:6      | Noticed a torpor snail
  5393 | D:6      | Found a snail-covered altar of Cheibriados.
  5424 | D:6      | Noticed a torpor snail
  5424 | D:6      | Noticed a torpor snail
  5539 | D:6      | Found a staircase to the Ecumenical Temple.
  5845 | D:7      | Identified the +3 flail "Yxemad" {flame, *Noise rN++ Int+3}
  5871 | D:7      | Reached **** piety under Trog
  6465 | D:7      | Reached skill level 12 in Maces & Flails
  6765 | D:7      | Found a shimmering altar of Xom.
  6766 | D:7      | Found a hazy altar of Hepliaklqana.
  6767 | D:7      | Noticed a spectral ugly thing
  6981 | D:7      | Reached XP level 10. HP: 82/89 MP: 9/9
  7116 | D:8      | Found a radiant altar of Vehumet.
  7216 | D:8      | Noticed a two-headed ogre
  7225 | D:8      | Killed a two-headed ogre
  7226 | D:8      | Reached skill level 13 in Maces & Flails
  7414 | D:8      | Found Xaewnelo's Neck Hole.
  7423 | D:8      | Bought an amulet of reflection for 360 gold pieces
  7423 | D:8      | Bought a scarf of repulsion for 144 gold pieces
  8268 | D:9      | Reached skill level 1 in Shields
  8400 | D:9      | Noticed Amaemon
  8400 | D:9      | Noticed an orange demon
  8410 | D:9      | Killed Amaemon
  8416 | D:9      | Killed an orange demon
  8618 | D:9      | Found a shimmering blue altar of Sif Muna.
  8769 | D:9      | Reached skill level 14 in Maces & Flails
  8769 | D:9      | Reached skill level 10 in Armour
  8782 | D:9      | Reached ***** piety under Trog
  8783 | D:9      | Reached XP level 11. HP: 97/97 MP: 10/10
  8801 | D:9      | Paralysed by a hornet for 1 turns
  9023 | D:9      | Found an ancient bone altar of Kikubaaqudgha.
  9167 | D:10     | Entered Level 10 of the Dungeon
  9167 | D:10     | Noticed Maggie
  9295 | D:10     | Killed Maggie
  9296 | D:10     | Reached skill level 5 in Shields
  9682 | D:10     | Found a basalt altar of Yredelemnul.
  9788 | D:10     | Reached skill level 5 in Dodging
 10017 | D:11     | Reached skill level 10 in Fighting
 10238 | D:11     | Received a gift from Trog
 10399 | D:11     | Noticed a two-headed ogre
 10403 | D:11     | Killed a two-headed ogre
 10503 | D:11     | Found a staircase to the Lair.
 10746 | Lair:1   | Entered Level 1 of the Lair of Beasts
 10958 | Lair:1   | Noticed an eight-headed hydra
 10965 | Lair:1   | Killed an eight-headed hydra
 11353 | Lair:1   | Identified the +1 chain mail of the Jackalope {*Slow rElec
                  | rC+}
 11876 | Lair:2   | Reached XP level 12. HP: 106/110 MP: 11/11
 12076 | Lair:2   | Reached skill level 10 in Shields
 12128 | Lair:2   | Found a hole to the Spider Nest.
 12212 | Lair:2   | Reached skill level 15 in Maces & Flails
 12268 | Lair:2   | Identified the +2 arbalest "Hysech" {vorpal, rC++ Str-4}
 12327 | Lair:2   | Noticed a catoblepas
 12335 | Lair:2   | Killed a catoblepas
 12389 | Lair:2   | Received a gift from Trog
 12436 | Lair:2   | Noticed soggyman666's ghost (journeyman MiFi)
 12438 | Lair:2   | Noticed a minotaur
 12457 | Lair:2   | Found a runed translucent gate.
 12457 | Lair:2   | Found a runed translucent gate.
 12457 | Lair:2   | Found a runed translucent gate.
 13061 | Lair:3   | You fall into a shaft and drop 2 floors!
 13061 | Lair:5   | Entered Level 5 of the Lair of Beasts
 13209 | Lair:5   | Reached XP level 13. HP: 116/118 MP: 12/12
 13839 | Lair:5   | Received a gift from Trog
 14085 | Lair:3   | Reached skill level 16 in Maces & Flails
 14089 | Lair:3   | Reached skill level 15 in Shields
 14610 | Lair:3   | Found a staircase to the Shoals.
 15153 | Lair:4   | Reached XP level 14. HP: 129/129 MP: 13/13
 15633 | Lair:4   | Found a viscous altar of Jiyva.
 15633 | Lair:4   | Found a staircase to the Slime Pits.
 16531 | Slime:1  | Entered Level 1 of the Pits of Slime
 16533 | Slime:1  | Noticed a rockslime
 16545 | Lair:4   | Splashed with acid

Illustrated notes

Levels and vault maps discovered:
D:1:      mrwooster_arrival_statue_3, layout_basic
D:2:      layout_basic, uniq_jessica, uniq_natasha, uniq_sigmund
D:3:      layout_rooms, general_overflow_altar,
          mainiacjoe_overflow_cross_hatched,
          dreamdust_ecumenical_altar_drowned_temple, serial_shops,
          nicolae_shop_temple_entry_statues_fountains, uniq_terence
D:4:      kennysheep_kobold_camp, layout_basic, nicolae_overflow_crystal_walls,
          kennysheep_boxes
D:5:      layout_loops_ring, marbit_many_paths,
          nicolae_uskayaw_murder_on_the_dancefloor, kennysheep_little_box,
          minmay_manual_mail
D:6:      layout_rooms, cheibriados_altar_2, temple_hall, minmay_pentangle
D:7:      minmay_thinvault, layout_gridville, regret_index_temple_of_mockery
D:8:      layout_loops_cross, nicolae_vehumet_altar_sigil, dk_vineyard_1,
          nicolae_shop_sticking_my_neck_out
D:9:      layout_small_grid, tgw_sif, lemuel_zombie_altar_kikubaaqudgha,
          uniq_amaemon
D:10:     layout_rooms, yredelemnul_forgotten_temple_becter,
          hangedman_fish_farm, uniq_maggie
D:11:     layout_rooms, erik_lair_orcish_takeover
Lair:1:   layout_hall_layers, st_stairs_4
Lair:2:   layout_roguey, hellmonk_spider_entry_not_the_bees,
          maelrawn_ghost_gauntlet_escape, beast_lair_carwin_9
Lair:3:   layout_long_grid, elwin_shoals_entry_rooms
Lair:4:   layout_regular_city, dpeg_slime_entry_enclosed
Lair:5:   minmay_lair_end_frog_pond, layout_concentric_octagons,
          lemuel_fruit_tree
Slime:1:  layout_caves

Skill      XL: |  1  2  3  4  5  6  7  8  9 10 11 12 13 14 |
---------------+-------------------------------------------+-----
Maces & Flails | 4 5 6 7 9 10 12 14 15 16 | 16.3
Fighting       | 4 5 6 7 8 9 11 12 13 | 13.7
Armour         | 3 4 6 8 10 11 12 | 12.8
Dodging        | 3 4 5 6 |  6.0
Stealth        | 1 2 |  2.6
Shields        | 4 8 12 15 | 15.7

Action                   |  1- 3 |  4- 6 |  7- 9 | 10-12 | 13-15 || total
-------------------------+-------+-------+-------+-------+-------++-------
Melee: Mace              |    31 |    67 |       |       |       ||    98
       Headbutt          |     6 |    17 |    25 |   112 |    81 ||   241
       Morningstar       |       |    30 |   149 |       |       ||   179
       Flail             |       |       |    79 |   277 |       ||   356
       Demon whip        |       |       |       |   303 |   422 ||   725
Invok: Berserk           |     1 |     3 |     5 |     5 |     4 ||    18
       Trog's Hand       |       |       |     1 |     1 |     1 ||     3
  Use: Scroll            |       |     1 |     4 |     4 |     3 ||    12
Armor: Ring mail         |    10 |    23 |       |       |       ||    33
       Scale mail        |       |    10 |    49 |       |       ||    59
       Chain mail        |       |       |    68 |    15 |       ||    83
       Plate armour      |       |       |       |   237 |    87 ||   324
Dodge: Dodged            |    17 |    49 |   136 |   101 |    56 ||   359
Block: Tower shield      |       |       |       |   499 |   365 ||   864
       Reflection        |       |       |       |    20 |       ||    20
